 Dungeon Crawl Stone Soup version 0.17-a0-1564-g7b572aa (webtiles) character file.

15 Duffy the Sneak (level 2, -1/22 HPs)
             Began as a Naga Enchanter on July 21, 2015.
             Slain by a hobgoblin
             ... wielding a +0 club
              (6 damage)
             ... on level 3 of the Dungeon.
             The game lasted 00:01:07 (770 turns).

Duffy the Sneak (Naga Enchanter)                     Turns: 770, Time: 00:01:07

Health: -1/22      AC:  3    Str: 10    XL:     2   Next: 50%
Magic:  5/5        EV: 10    Int: 15    God:
Gold:   28         SH:  0    Dex: 11    Spells: 1 memorised, 4 levels left

rFire  . . .     SeeInvis +     a - +1 dagger
rCold  . . .     Clarity  .     b - +1 robe
rNeg   . . .     SustAt   .     (no shield)
rPois  +         Gourm    .     (no helmet)
rElec  .         Spirit   .     (no cloak)
rCorr  .         Warding  .     j - +0 pair of gloves
rMut   .         Stasis   +     (no barding)
MR     .....                    f - amulet of stasis
Stlth  +++.......               (no ring)
                                (no ring)

@: very slow, not resistant to hostile enchantments, fairly stealthy
A: see invisible, deformed body, poison resistance, slowness 2, slow metabolism
1, spit poison 2, AC +0
a: Spit Poison


You were on level 3 of the Dungeon.
You were not hungry.

You visited 1 branch of the dungeon, and saw 3 of its levels.

You collected 28 gold pieces.


Innate Abilities, Weirdness & Mutations

You cannot wear boots.
Your serpentine skin is tough (AC +0).
You have supernaturally acute eyesight.
Armour fits poorly on your strangely shaped body.
Your system is resistant to poisons.
You cover ground very slowly.
You have a slow metabolism.
You can spit poison.


   Skills:
 + Level 2.2 Short Blades
 - Level 1.5 Dodging
 - Level 4.4 Stealth
 - Level 2.0 Spellcasting
 + Level 3.1 Hexes


You had 4 spell levels left.
You knew the following spells:

 Your Spells              Type           Power        Failure   Level  Hunger
a - Corona                Hex            ##.....      8%          1    #......

Inventory:

Hand weapons
 a - a +1 dagger (weapon)
Armour
 b - a +1 robe (worn)
 j - a +0 pair of gloves (worn)
Jewellery
 f - an amulet of stasis (around neck)
Scrolls
 g - 2 scrolls of remove curse
 i - 4 scrolls of recharging {unknown}
Potions
 e - a potion of agility {unknown}
 l - a potion of haste {unknown}
 m - a potion of lignification {unknown}
 n - a potion of berserk rage {unknown}
Books
 c - a book of Maledictions
Comestibles
 d - 3 bread rations
 h - a slice of pizza
 k - 5 fruits

Dungeon Overview and Level Annotations

Branches:
Dungeon (3/15)

Altars:


Message History

You closely miss the hobgoblin. The ball python barely misses you.
The hobgoblin hits you with a club.
You are too injured to fight recklessly!
You are too injured to fight recklessly!
You are too injured to fight recklessly!
You are too injured to fight recklessly!
You are too injured to fight recklessly!
You are too injured to fight recklessly!
You are too injured to fight recklessly!
You are too injured to fight recklessly!
You are too injured to fight recklessly!
You are too injured to fight recklessly!
You are too injured to fight recklessly!
You are too injured to fight recklessly!
You hit the hobgoblin but do no damage. The ball python misses you.
The hobgoblin closely misses you.
You closely miss the hobgoblin. The ball python barely misses you.
You hit the hobgoblin but do no damage. The hobgoblin hits you with a club.
The ball python bites you.
You hit the hobgoblin.
The hobgoblin is moderately wounded.
The ball python barely misses you. The hobgoblin hits you with a club.
You hit the hobgoblin but do no damage.
The hobgoblin is moderately wounded.
The ball python closely misses you. The hobgoblin hits you with a club.
You hit the hobgoblin.
The hobgoblin is heavily wounded.
The ball python barely misses you. The hobgoblin barely misses you.
You hit the hobgoblin.
The hobgoblin is severely wounded.
The ball python bites you but does no damage.
You closely miss the hobgoblin.
The hobgoblin is severely wounded.
The ball python closely misses you. The hobgoblin hits you with a club.
You die...

#..## #.... #...#
#...# #...## #....
.#####gS# .......@#
# ...
######..########.##.
### #..!...........
#........##.##
##.#####.# ### #.#
#.# ..######
#.#####.# ...†...#
#.....#.# ...###.#
####....#


You could see a hobgoblin and a ball python.

Action                   || total
-------------------------++-------
Melee: Dagger            ||    57
  Use: Scroll            ||     1
 Stab: Sleeping          ||     2

Notes
Turn   | Place    | Note
--------------------------------------------------------------
     0 | D:1      | Duffy the Naga Enchanter began the quest for the Orb.
     0 | D:1      | Reached XP level 1. HP: 15/15 MP: 3/3
   145 | D:1      | Reached skill level 2 in Short Blades
   145 | D:1      | Reached XP level 2. HP: 8/22 MP: 5/5
   770 | D:3      | Slain by a hobgoblin

Vault maps used:
D:1:      minmay_arrival_shoal_huts, serial_bayou_pond_d
D:2:      st_stairs_6, uniq_iyjb
D:3:      nicolae_overflow_hidden_temple, first_bread, uniq_natasha

Vanquished Creatures
  An ooze
  A hobgoblin
  5 kobolds
  A giant newt
  2 rats
10 creatures vanquished.
